 Dungeon Crawl Stone Soup version 0.20.1-1-g8b1a95d (webtiles) character file.

86 pstr the Conjurer (level 4, -2/24 HPs)
             Began as a Kobold Conjurer on Oct 31, 2017.
             Killed by nerve-wracking pain
             ... invoked by an orc priest
              (12 damage)
             ... on level 4 of the Dungeon.
             The game lasted 00:08:39 (3091 turns).

pstr the Conjurer (Kobold Conjurer)                 Turns: 3091, Time: 00:08:40

Health: -2/24      AC:  3    Str:  4 (5)  XL:     4   Next: 77%
Magic:  2/8        EV: 14    Int: 14 (17) God:
Gold:   93         SH:  0    Dex: 15 (18) Spells: 5/8 levels left

rFire    . . .     SeeInvis .   d - +0 dagger
rCold    . . .     Gourm    .   (shield restricted)
rNeg     . . .     Faith    .   n - +0 leather armour
rPois    .         Spirit   .   (no helmet)
rElec    .         Reflect  .   (no cloak)
rCorr    .         Harm     .   (no gloves)
MR       .....                  (no boots)
Stlth    ++........             (no amulet)
Regen    0.1/turn               (no ring)
MPRegen  0.2/turn               s - +3 ring of dexterity

@: very slightly contaminated
A: carnivore 3
a: no special abilities


You were on level 4 of the Dungeon.
You were completely stuffed.

You visited 1 branch of the dungeon, and saw 4 of its levels.

You collected 93 gold pieces.

Inventory:

Hand Weapons
 d - a +0 dagger (weapon)
Missiles
 e - 85 stones (quivered)
Armour
 a - a +0 robe
 n - a +0 leather armour (worn)
Jewellery
 s - a +3 ring of dexterity (right hand)
Scrolls
 g - a scroll of teleportation
 i - 2 scrolls of amnesia
 j - 3 scrolls of enchant weapon {unknown}
 k - 2 scrolls of remove curse
 l - a scroll of identify
 r - a scroll of recharging {unknown}
Potions
 m - 2 potions of curing
Books
 b - a book of Conjurations

   Spells                             Type                      Level
   a - Magic Dart                     Conjuration                  1
   b - Searing Ray                    Conjuration                  2
   c - Dazzling Spray                 Conjuration/Hexes            3
   d - Fulminant Prism                Conjuration/Hexes            4
   e - Force Lance                    Conjuration/Translocation    4
   f - Iskenderun's Mystic Blast      Conjuration                  4
Comestibles
 c - a meat ration
 f - 3 chunks of flesh
 q - a royal jelly


   Skills:
 + Level 0.2 Fighting
 + Level 1.1 Short Blades
 + Level 0.7 Armour
 + Level 3.2 Dodging
 + Level 3.4 Stealth
 + Level 2.7 Spellcasting
 + Level 4.6 Conjurations


You had 5 spell levels left.
You knew the following spells:

 Your Spells              Type           Power        Failure   Level  Hunger
a - Magic Dart            Conj           ##..         6%          1    #......
b - Searing Ray           Conj           ##....       9%          2    ###....


Dungeon Overview and Level Annotations

Branches:
Dungeon (4/15)
 Temple: D:4-7

Altars:


Innate Abilities, Weirdness & Mutations

You are small and have problems with some larger weapons.
You are carnivorous and can eat meat at any time.


Message History

Casting: Searing Ray
Confirm with . or Enter, or press ? or * to list all spells.
Aiming: Searing Ray
Press: ? - help, Shift-Dir - straight line, f - orc priest
Aim: an orc priest, wielding a flail and wearing a leather armour (lightly wounded)
You miscast Searing Ray.
You are very lightly contaminated with residual magic.
You smell something strange.
The orc priest closely misses you. The orc priest closely misses you.
Casting: Searing Ray
Confirm with . or Enter, or press ? or * to list all spells.
Aiming: Searing Ray
Press: ? - help, Shift-Dir - straight line, f/p - orc priest
Aim: an orc priest, wielding a flail and wearing a leather armour (lightly wounded)
You miscast Searing Ray.
You are momentarily dazzled by a flash of light!
The orc priest mumbles some strange prayers to Beogh against you.
Pain shoots through your body!
Ouch! That really hurt!
You die...

#......######.##
##.#.##.......[..
##..#.##..###....#
##.....##..##......
..............#
###....###..##......
##.....#..# ..#..
#.###....# .# #
#.##@# # #.
#.o...... .
######### #. #


You could see an orc priest.

Vanquished Creatures
  3 adders (D:2)
  A worm (D:2)
  2 dart slugs (D:2)
  An orc (D:4)
  A ball python (D:1)
  5 bats
  2 giant cockroaches (D:2)
  4 goblins
  10 hobgoblins
  4 jackals (D:2)
  5 frilled lizards
  7 kobolds
  4 rats
49 creatures vanquished.

Notes
Turn   | Place    | Note
-------+----------+-------------------------------------------
     0 | D:1      | pstr the Kobold Conjurer began the quest for the Orb.
     0 | D:1      | Reached XP level 1. HP: 10/10 MP: 3/3
   276 | D:1      | Reached XP level 2. HP: 15/15 MP: 1/5
   641 | D:1      | Reached XP level 3. HP: 19/19 MP: 3/6
   693 | D:1      | Learned a level 2 spell: Searing Ray
  1929 | D:2      | Reached XP level 4. HP: 24/24 MP: 3/7
  2385 | D:2      | Reached skill level 1 in Short Blades
  2768 | D:3      | Noticed an ogre
  3091 | D:4      | Killed from afar by an orc priest

Skill      XL: |  1  2  3  4 |
---------------+-------------+-----
Stealth        | 3 |  3.4
Dodging        | 3 |  3.2
Short Blades   | 1 |  1.1
Fighting       | |  0.2
Armour         | |  0.7
Spellcasting   | |  2.7
Conjurations   | |  4.6

Action                   |  1- 3 |  4- 6 || total
-------------------------+-------+-------++-------
Melee: Dagger            |    36 |     6 ||    42
       Unarmed           |     2 |       ||     2
 Cast: Magic Dart        |    38 |     1 ||    39
       Searing Ray       |    18 |    12 ||    30
  Use: Scroll            |       |     3 ||     3
       Potion            |       |     3 ||     3
  Eat: Chunk             |    13 |     4 ||    17
Armor: Robe              |     6 |       ||     6
       Leather armour    |    11 |     5 ||    16
Dodge: Dodged            |    73 |    17 ||    90
